 Dungeon Crawl Stone Soup version 0.23.2-30-g0e89c35649 (webtiles) character file.

Game seed: 1427568031156946897

61814 diddle the Severer (level 15, -19/108 HPs)
             Began as a Formicid Fighter on June 8, 2019.
             Was the Champion of Qazlal.
             Killed from afar by a hellephant (48 damage)
             ... with a blast of flame
             ... on level 1 of the Abyss.
             The game lasted 00:55:58 (17578 turns).

diddle the Severer (Formicid Fighter)              Turns: 17578, Time: 00:56:00

Health: -19/108    AC: 25    Str: 26      XL:     15   Next: 43%
Magic:  22/22      EV:  9    Int:  9      God:    Qazlal [******]
Gold:   975        SH: 33    Dex: 14 (15) Spells: 14/14 levels left

rFire    . . .     SeeInvis +   g - +2 battleaxe (vamp)
rCold    + . .     Gourm    .   j - +0 large shield
rNeg     . . .     Faith    .   p - +2 plate armour {rC+}
rPois    .         Spirit   .   (helmet unavailable)
rElec    .         Reflect  +   F - +2 cloak
rCorr    .         Harm     .   z - +0 pair of gloves
MR       ++...     Clarity  +   (no boots)
Stlth    ..........             y - amulet "Qusax" {Reflect MR+ Dex+5 SH+6}
HPRegen  0.28/turn              q - +6 ring of slaying
MPRegen  0.18/turn              t - +3 ring of evasion

@: protected from physical damage, studying Staves, repel missiles
A: permanent stasis, dig shafts and tunnels, four strong arms, antennae 3,
hooves 1, [blurry vision 2], clarity, [deterioration 1], [frail 1]
a: Dig, Shaft Self, Upheaval, Elemental Force, Disaster Area, Renounce Religion


You were on level 1 of the Abyss.
You worshipped Qazlal.
Qazlal was exalted by your worship.
You were very hungry.

You visited 3 branches of the dungeon, and saw 17 of its levels.
You visited the Abyss 1 time.
You also visited: Gauntlet and Ice Cave.

You collected 1094 gold pieces.
You spent 119 gold pieces at shops.

Inventory:

Hand Weapons
 b - a +2 scimitar of flaming
 g - a +2 vampiric battleaxe (weapon)
 D - the +4 flail "Ugud" {speed, Str+3}
   (You found it on level 5 of the Dungeon)

   Attacks with this weapon are significantly faster.
   It affects your strength (+3).
Missiles
 W - 6 javelins of returning (quivered)
Armour
 j - a +0 large shield (worn)
 p - a +2 plate armour of cold resistance (worn)
 z - a +0 pair of gloves (worn)
 A - a +2 chain mail of fire resistance
 F - a +2 cloak (worn)
Jewellery
 q - a +6 ring of slaying (left hand)
 t - a +3 ring of evasion (right hand)
 w - an uncursed ring of resist corrosion
 y - the amulet "Qusax" (around neck) {Reflect MR+ Dex+5 SH+6}
   (You took it off a minotaur in a Gauntlet)

   [amulet of reflection]

   It shields you and reflects attacks.
   It affects your dexterity (+5).
   It affects your resistance to hostile enchantments.
   It affects your SH (+6).
 E - an uncursed ring of poison resistance
 N - an uncursed ring of protection from fire
Wands
 e - a wand of paralysis (23)
 i - a wand of clouds (11)
 m - a wand of disintegration (16)
 r - a wand of enslavement (17)
 x - a wand of digging (5)
 J - a wand of flame (19)
 K - a wand of acid (26)
 L - a wand of iceblast (53)
 T - a wand of random effects (28)
 U - a wand of polymorph (4)
Scrolls
 c - 3 scrolls of identify
 h - 2 scrolls of noise
 k - a scroll of fog {unknown}
 s - 15 scrolls of remove curse
 v - a scroll of magic mapping
 I - 2 scrolls of immolation {unknown}
 Q - a scroll of random uselessness {unknown}
 R - 2 scrolls of brand weapon {unknown}
 S - 6 scrolls of blinking {unknown}
Potions
 d - 3 potions of might
 n - 8 potions of curing
 o - 3 potions of agility
 u - a potion of lignification
 B - 3 potions of ambrosia
 C - 2 potions of invisibility
 G - 2 potions of flight
 H - 2 potions of magic {unknown}
 M - a potion of brilliance {unknown}
 O - 6 potions of heal wounds
 P - 2 potions of berserk rage
 Y - a potion of cancellation {unknown}
Books
 a - a manual of Staves
Miscellaneous
 l - a phial of floods
 V - a fan of gales
 X - a phantom mirror
Comestibles
 f - 29 rations


   Skills:
 * Level 11.6 Fighting
 + Level 16.6 Axes
 * Level 12.4 Armour
 + Level 11.3 Shields
 * Level 9.4 Invocations
 * Level 3.9 Evocations


You had 14 spell levels left.
You didn't know any spells.
Your spell library contained the following spells:

 Spells                   Type           Power        Failure   Level  Hunger
 Corona                   Hex            #......      100%        1    ##.....
 Magic Dart               Conj           #...         100%        1    ##.....
 Summon Small Mammal      Summ           #...         100%        1    ##.....
 Call Imp                 Summ           #.......     100%        2    ###....
 Poisonous Vapours        Pois/Air       #.....       100%        2    ###....
 Slow                     Hex            #.......     100%        2    ###....
 Call Canine Familiar     Summ           #.......     100%        3    ####...
 Conjure Flame            Conj/Fire      #.......     100%        3    ####...
 Inner Flame              Hex/Fire       #.......     100%        3    ####...
 Mephitic Cloud           Conj/Pois/Air  #.......     100%        3    ####...
 Portal Projectile        Hex/Tloc       #.....       100%        3    ####...
 Summon Guardian Golem    Hex/Summ       #.......     100%        3    ####...
 Cause Fear               Hex            #.........   100%        4    #####..
 Leda's Liquefaction      Hex/Erth       #.........   100%        4    #####..
 Summon Ice Beast         Ice/Summ       #.......     100%        4    #####..
 Summon Lightning Spire   Summ/Air       #.......     100%        4    #####..
 Freezing Cloud           Conj/Ice/Air   #.........   100%        6    #######
 Ring of Flames           Chrm/Fire      #.........   100%        7    #######
 Blink                    Tloc           Unusable     N/A         2    N/A

Dungeon Overview and Level Annotations

Branches:
Dungeon (15/15)            Temple (1/1) D:5            Lair (1/6) D:10
    Orc (0/2) D:9          Vaults (0/5) D:13         Depths (0/5) D:15

Altars:
Cheibriados
Dithmenos
Elyvilon
Fedhas
Gozag
Kikubaaqudgha
Makhleb
Nemelex Xobeh
Okawaru
Qazlal
Ru
Sif Muna
Trog
Uskayaw
Vehumet
Wu Jian
Xom
Yredelemnul
The Shining One

Shops:
D:6 :   D:7 =([?*   D:8 ?   D:10 !

Annotations:
D:3 exclusion: 2 downstairs
D:4 Grinder
Lair:1 Sonja


Innate Abilities, Weirdness & Mutations

You cannot be hasted, slowed, berserked, paralysed or teleported.
You can dig through walls and to a lower floor.
Your four strong arms can wield two-handed weapons with a shield.
You have a pair of large antennae on your head. (SInv)
You have large cloven feet.
You possess an exceptional clarity of mind.
[Scrolls take you longer to read.]
[Your body sometimes deteriorates upon taking damage.]
[You are frail. (-10% HP)]


Message History

You kick the hellephant, but do no damage.
The hellephant is lightly wounded.
You hit the wretched star. You hit the starcursed mass.
The starcursed mass shudders and withdraws towards its neighbour.
The wretched star is engulfed in blazing flames.
You block the hellephant's attack. x2; The hellephant closely misses you.
You closely miss the hellephant. Your kick misses the hellephant.
The hellephant is lightly wounded.
You closely miss the wretched star.
You completely miss the starcursed mass.
A starcursed mass splits.
A chorus of shrieks assaults your mind.
* * * LOW HITPOINT WARNING * * *
The wretched star is engulfed in blazing flames.
You destroy the wretched star!
Qazlal accepts your kill.
A starcursed mass splits.
The hellephant breathes flames at you. The blast of flame hits you!!!
You die...

.#.... ###.
...... ....
.#...... ....#
.......####.....
.................
......§XX.......
#....#.X☼.......
#....XXY@.#
......○.○#
####......§#☼..
.. ..
..#.#...##......
. .. .#
#....#....... . .
.
.......##.#.....
... ..........#
#...... #
..........#.#
#...... . .. .
... .... ....


You could see a hellephant and 5 starcursed masses.

Vanquished Creatures
  A tentacled starspawn (Abyss:1)
  Kirke (D:13)
  A deep elf demonologist (Abyss:1)
  A minotaur (Gauntlet)
  A dire elephant (D:15)
  The ghost of RatmanManrat the Blocker, a journeyman MiBe of Trog (D:12)
  A death ooze (Gauntlet)
  2 hydras
  4 vault guards (D:13)
  A great orb of eyes (Abyss:1)
  A rakshasa (D:14)
  A centaur warrior (D:13)
  5 two-headed ogres
  A tengu warrior (D:15)
  A soul eater (Gauntlet)
  Urug (D:10)
  A wretched star (Abyss:1)
  3 skeletal warriors (D:15)
  A spatial maelstrom (Abyss:1)
  3 unseen horrors
  Pikel (D:4)
  3 starcursed masses (Abyss:1)
  A lindwurm (shapeshifter) (D:15)
  2 deep elf magi
  An orc knight (D:15)
  2 wolf spiders
  2 worldbinders (Abyss:1)
  A salamander (D:15)
  4 cyclopes
  3 manticores
  A black mamba (Lair:1)
  A centaur zombie (D:12)
  3 elephants (Gauntlet)
  14 ugly things
  2 ice statues (IceCv)
  2 smoke demons (Abyss:1)
  3 gargoyles
  A torpor snail (Gauntlet)
  A spiny frog (Lair:1)
  An efreet (D:15)
  A tengu conjurer (D:15)
  5 trolls
  A meliai (shapeshifter) (Abyss:1)
  12 slime creatures
  4 raiju (Abyss:1)
  2 hornets (D:12)
  7 hippogriffs
  3 small abominations (Abyss:1)
  2 water elementals (D:13)
  3 shadows
  A centaur simulacrum (D:15)
  2 wyverns (D:15)
  A vampire (D:14)
  7 humans (D:13)
  2 hogs (D:13)
  A basilisk (D:15)
  2 large abominations (Abyss:1)
  2 spatial vortices (Abyss:1)
  3 hungry ghosts
  4 vampire mosquitoes (D:12)
  A porcupine (Lair:1)
  13 ice beasts
  A black bear (D:10)
  5 sky beasts
  5 orc warriors
  An eye of draining (D:14)
  9 ogres
  2 phantoms
  A necrophage (D:7)
  21 centaurs
  3 big kobolds
  3 crocodiles
  12 bullfrogs
  2 wyvern skeletons
  A water moccasin zombie (D:6)
  3 scorpions
  A troll zombie (D:9)
  12 wights
  2 electric eels (Lair:1)
  7 howler monkeys
  5 bullfrog zombies
  9 crimson imps
  A quasit (D:12)
  5 orc priests
  3 hounds
  7 jellies
  11 orc wizards
  3 bullfrog skeletons
  8 centaur skeletons
  2 iguanas (D:9)
  Ijyb (D:3)
  12 worker ants
  4 ogre zombies (D:9)
  A hound skeleton (D:8)
  A howler monkey zombie (D:6)
  3 gnolls (D:4)
  17 adders
  9 shadow imps
  12 white imps (Lair:1)
  3 oozes
  An adder zombie (D:8)
  3 worms
  A dart slug (D:2)
  2 leopard geckos
  28 orcs
  A ball python (D:1)
  A giant cockroach (D:2)
  3 goblins
  7 hobgoblins
  4 jackals (D:3)
  3 quokkas
  12 bats
  2 frilled lizards
  2 goblin skeletons (D:9)
  3 goblin zombies (D:9)
  3 hobgoblin zombies (D:9)
  A jackal zombie (D:8)
  14 kobolds
  A leopard gecko zombie (D:9)
  An orc skeleton (D:9)
  10 orc zombies (D:9)
  9 rats
  2 bushes (D:6)
  A plant (D:6)
  2 starspawn tentacles (Abyss:1)
485 creatures vanquished.

Vanquished Creatures (others)
  A vault guard (D:13)
  2 slaves (D:4)
  2 humans
  A hound (D:7)
  An orc (D:14)
  14 demonic plants (Gauntlet)
  2 starspawn tentacles (Abyss:1)
23 creatures vanquished.

Grand Total: 508 creatures vanquished

Notes
Turn   | Place    | Note
-------+----------+-------------------------------------------
     0 | D:1      | diddle the Formicid Fighter began the quest for the Orb.
     0 | D:1      | Reached XP level 1. HP: 18/18 MP: 1/1
    45 | D:1      | Reached XP level 2. HP: 19/24 MP: 2/2
   337 | D:1      | Reached skill level 3 in Axes
   458 | D:1      | Reached XP level 3. HP: 29/29 MP: 3/3
  1093 | D:2      | Reached skill level 4 in Axes
  1093 | D:2      | Reached XP level 4. HP: 35/35 MP: 4/4
  2205 | D:3      | Reached XP level 5. HP: 16/41 MP: 5/5
  2466 | D:3      | Reached skill level 5 in Axes
  2707 | D:3      | Found a transporter.
  2720 | D:3      | Noticed Ijyb
  2726 | D:3      | Killed Ijyb
  2726 | D:3      | Reached XP level 6. HP: 47/47 MP: 6/6
  2788 | D:3      | Found a transporter.
  3202 | D:4      | Noticed Grinder
  3427 | D:4      | Reached skill level 6 in Axes
  3495 | D:4      | Noticed an ogre
  3502 | D:4      | Killed an ogre
  3502 | D:4      | Reached XP level 7. HP: 52/53 MP: 7/7
  3508 | D:4      | Noticed Pikel
  3532 | D:4      | Killed Pikel
  3532 | D:4      | Reached skill level 7 in Axes
  3532 | D:4      | Reached skill level 5 in Armour
  3532 | D:4      | Reached XP level 8. HP: 32/61 MP: 8/8
  3803 | D:4      | Reached skill level 8 in Axes
  4581 | D:4      | Got a jewelled short sword
  4584 | D:4      | Identified the +5 short sword of the Two Names {speed,
                  | *Contam MR++} (You found it on level 4 of the Dungeon)
  4600 | D:5      | Entered Level 5 of the Dungeon
  4741 | D:5      | Got a bloodstained flail
  4757 | D:5      | Found a staircase to the Ecumenical Temple.
  4790 | Temple   | Entered the Ecumenical Temple
  4893 | Temple   | Became a worshipper of Qazlal Stormbringer
  5104 | D:5      | Identified the +4 flail "Ugud" {speed, Str+3} (You found it
                  | on level 5 of the Dungeon)
  5164 | D:5      | Reached skill level 5 in Fighting
  5164 | D:5      | Reached skill level 9 in Axes
  5164 | D:5      | Reached XP level 9. HP: 65/68 MP: 9/9
  5943 | D:6      | Found Icuwub's Book Shop.
  6001 | D:6      | Reached skill level 10 in Axes
  6252 | D:7      | Found Ryafuof's Magic Scroll Shop.
  6337 | D:7      | Noticed a hippogriff
  6347 | D:7      | Killed a hippogriff
  6371 | D:7      | Found Jikaesas's Jewellery Boutique.
  6453 | D:7      | Found Suiproda's Armour Emporium.
  6551 | D:7      | Found Mewig's Weapon Emporium.
  6571 | D:7      | Reached * piety under Qazlal
  6669 | D:7      | Found a radiant altar of Vehumet.
  6913 | D:7      | Found Popn's General Store.
  6916 | D:7      | Bought a potion of heal wounds for 55 gold pieces
  6949 | D:7      | Bought a scroll of identify for 22 gold pieces
  7195 | D:8      | Reached XP level 10. HP: 48/77 MP: 10/10
  7498 | D:8      | Reached skill level 11 in Axes
  7651 | D:8      | Reached skill level 5 in Shields
  7806 | D:8      | Found Kulleg's Magic Scroll Emporium.
  7814 | D:8      | Bought a scroll of magic mapping for 42 gold pieces
  8282 | D:9      | Reached ** piety under Qazlal
  8386 | D:9      | Noticed a two-headed ogre
  8400 | D:9      | Killed a two-headed ogre
  8400 | D:9      | Reached skill level 12 in Axes
  8704 | D:9      | Found a staircase to the Orcish Mines.
  8723 | D:9      | Reached XP level 11. HP: 79/84 MP: 11/11
  9320 | D:9      | Found a burning altar of Makhleb.
  9320 | D:9      | Noticed a blizzard demon
  9581 | D:9      | Gained mutation: Your spells are a little harder to cast,
                  | but a little more powerful. [potion of mutation]
  9581 | D:9      | Gained mutation: [Scrolls take you a little longer to
                  | read.] [potion of mutation]
  9581 | D:9      | Lost mutation: [Scrolls take you a little longer to read.]
                  | [potion of mutation]
  9581 | D:9      | Gained mutation: Your spells are harder to cast, but more
                  | powerful. [potion of mutation]
  9582 | D:9      | Lost mutation: Your spells are harder to cast, but more
                  | powerful. [potion of mutation]
  9582 | D:9      | Lost mutation: Your spells are a little harder to cast, but
                  | a little more powerful. [potion of mutation]
  9582 | D:9      | Gained mutation: You possess an exceptional clarity of
                  | mind. [potion of mutation]
  9582 | D:9      | Gained mutation: You have large cloven feet. [potion of
                  | mutation]
  9612 | D:10     | Entered Level 10 of the Dungeon
  9763 | D:10     | Found a staircase to the Lair.
  9770 | D:10     | Found Mehumad's Distillery.
  9773 | D:10     | Noticed Urug
  9828 | D:10     | Killed Urug
  9828 | D:10     | Reached *** piety under Qazlal
 10238 | D:10     | Noticed an unseen horror
 10242 | D:10     | Killed an unseen horror
 10264 | D:10     | Found an ancient bone altar of Kikubaaqudgha.
 10374 | D:11     | Noticed a manticore
 10386 | D:11     | Killed a manticore
 10580 | D:11     | Noticed a two-headed ogre
 10588 | D:11     | Killed a two-headed ogre
 10604 | D:11     | Reached skill level 13 in Axes
 11000 | D:11     | Noticed a cyclops
 11013 | D:11     | Killed a cyclops
 11924 | D:12     | Reached XP level 12. HP: 75/94 MP: 12/12
 11929 | D:12     | Reached skill level 1 in Invocations
 12064 | D:12     | Reached **** piety under Qazlal
 12109 | D:12     | Noticed a two-headed ogre
 12135 | D:12     | Killed a two-headed ogre
 12447 | D:12     | Found a runed translucent door.
 13059 | D:12     | Noticed RatmanManrat's ghost (journeyman MiBe)
 13077 | D:12     | Killed RatmanManrat's ghost
 13077 | D:12     | Reached skill level 14 in Axes
 13152 | D:13     | Reached skill level 10 in Armour
 13269 | D:13     | Reached ***** piety under Qazlal
 13365 | D:13     | Noticed an unseen horror
 13674 | D:13     | Killed a vault guard
 13733 | D:13     | Noticed a vault guard
 13746 | D:13     | Killed a vault guard
 13746 | D:13     | Reached XP level 13. HP: 88/101 MP: 16/16
 13808 | D:13     | Reached skill level 5 in Invocations
 13830 | D:13     | Noticed Kirke
 13867 | D:13     | Killed Kirke
 13891 | D:13     | Noticed a vault guard
 13899 | D:13     | Killed a vault guard
 13970 | D:13     | Noticed a vault guard
 13987 | D:13     | Killed a vault guard
 14155 | D:13     | Noticed a vault guard
 14168 | D:13     | Killed a vault guard
 14168 | D:13     | Reached skill level 15 in Axes
 14240 | D:13     | Found a gate to the Vaults.
 14281 | D:13     | Noticed a centaur warrior
 14290 | D:13     | Killed a centaur warrior
 14595 | D:14     | Reached skill level 10 in Fighting
 15172 | D:14     | Found a shadowy altar of Dithmenos.
 15243 | D:15     | Entered Level 15 of the Dungeon
 15288 | D:15     | Found a gate leading to a gauntlet.
 15296 | Gauntlet | Entered a Gauntlet
 15296 | Gauntlet | Found a transporter.
 15296 | Gauntlet | Found a transporter.
 15318 | Gauntlet | Found a transporter.
 15318 | Gauntlet | Found a transporter.
 15328 | Gauntlet | Found a transporter.
 15349 | Gauntlet | Found a transporter.
 15349 | Gauntlet | Noticed a death ooze
 15357 | Gauntlet | Found a transporter.
 15363 | Gauntlet | Found a transporter.
 15381 | Gauntlet | Found a transporter.
 15386 | Gauntlet | Found a transporter.
 15408 | Gauntlet | Found a transporter.
 15429 | Gauntlet | Found a transporter.
 15495 | Gauntlet | Reached XP level 14. HP: 53/110 MP: 19/19
 15873 | Gauntlet | Identified the amulet "Qusax" {Reflect MR+ Dex+5 SH+6}
 15873 | Gauntlet | Noticed a minotaur
 15886 | Gauntlet | Killed a minotaur
 15909 | D:15     | Reached skill level 10 in Shields
 15924 | D:15     | Reached skill level 16 in Axes
 16052 | D:15     | Reached skill level 1 in Evocations
 16058 | D:15     | Noticed a dire elephant
 16070 | D:15     | Killed a dire elephant
 16209 | D:15     | Reached ****** piety under Qazlal
 16796 | D:15     | Found a staircase to the Depths.
 16936 | Lair:1   | Entered Level 1 of the Lair of Beasts
 17004 | Lair:1   | Reached XP level 15. HP: 100/118 MP: 21/21
 17181 | Lair:1   | Found a frozen archway.
 17204 | IceCv    | Entered an ice cave
 17205 | IceCv    | Found a transporter.
 17233 | IceCv    | Found a transporter.
 17273 | Lair:1   | Noticed Sonja
 17274 | Lair:1   | Noticed Sonja
 17274 | Lair:1   | Sonja changed into Sonja the meliai
 17278 | Lair:1   | Cast into level 1 of the Abyss (Sonja)
 17365 | Abyss:1  | Found a sparkling altar of Nemelex Xobeh.
 17556 | Abyss:1  | Noticed a tentacled starspawn
 17567 | Abyss:1  | Killed a tentacled starspawn
 17570 | Abyss:1  | Noticed a hellephant
 17578 | Abyss:1  | Killed from afar by a hellephant

Skill      XL: |  1  2  3  4  5  6  7  8  9 10 11 12 13 14 15 |
---------------+----------------------------------------------+-----
Axes           | 3 4 5 6 7 9 10 12 13 14 15 16 | 16.6
Shields        | 4 5 7 9 11 | 11.3
Armour         | 4 5 6 7 9 10 11 12 | 12.4
Fighting       | 4 5 6 7 8 9 10 11 | 11.6
Invocations    | 4 7 8 9 |  9.4
Evocations     | 2 3 |  3.9

Action                   |  1- 3 |  4- 6 |  7- 9 | 10-12 | 13-15 || total
-------------------------+-------+-------+-------+-------+-------++-------
Melee: War axe           |    83 |   118 |   260 |   309 |       ||   770
       Broad axe         |       |       |       |    79 |       ||    79
       Kick              |       |       |       |    91 |   199 ||   290
       Battleaxe         |       |       |       |   134 |   463 ||   597
       Flail             |       |       |       |       |    33 ||    33
Throw: Tomahawk          |       |       |     2 |     6 |       ||     8
Evoke: Wand              |       |     1 |     1 |       |     1 ||     3
  Use: Scroll            |       |     5 |     7 |     9 |     2 ||    23
       Potion            |       |       |       |     2 |       ||     2
 Stab: Paralysed         |       |       |     3 |       |       ||     3
  Eat: Chunk             |     1 |     7 |    11 |    21 |     6 ||    46
       Ration            |       |       |     1 |     5 |     3 ||     9
Armor: Scale mail        |    30 |    45 |       |       |       ||    75
       Chain mail        |       |     8 |    98 |   160 |     6 ||   272
       Plate armour      |       |       |       |       |    97 ||    97
Dodge: Dodged            |    28 |    44 |    30 |   100 |    59 ||   261
       Deflected         |       |       |       |       |     7 ||     7
Block: Shield            |    41 |    54 |    68 |   295 |     2 ||   460
       Large shield      |       |       |       |       |   511 ||   511
       Reflection        |       |       |       |       |     4 ||     4
